 Dungeon Crawl Stone Soup version 0.28.0-53-g5a82cb258f (webtiles) character file.

Game seed: 9177983920735507892

187 MajorAdolf the Skirmisher (level 5, -4/50 HPs)
             Began as a Naga Wanderer on June 29, 2022.
             Slain by a mummy (16 damage)
             ... in an ossuary.
             The game lasted 00:07:46 (4889 turns).

MajorAdolf the Skirmisher (Naga Wanderer)           Turns: 4889, Time: 00:07:47

Health: -4/50      AC:  6    Str: 24    XL:     5   Next: 66%
Magic:  8/8        EV:  6    Int: 16    God:
Gold:   115        SH:  0    Dex:  7    Spells: 7/8 levels left

rFire   . . .      SeeInvis +   u - +0 hand axe
rCold   . . .      Faith    .   (no shield)
rNeg    . . .      Spirit   .   n - +0 chain mail
rPois   +          Reflect  .   (no helmet)
rElec   .          Harm     .   (no cloak)
rCorr   .          Rampage  .   (no gloves)
Will    .....                   (no barding)
Stlth   ..........              (no amulet)
HPRegen 0.16/turn               f - +6 ring of strength
MPRegen 0.11/turn               (no ring)

@: unable to read, very slow
A: AC +1, large, see invisible, deformed body, poison resistance, slowness 2,
spit poison 1, naga tail 1, strong 1, inability to read while threatened
a: Spit Poison


You were in an ossuary.
You visited 1 branch of the dungeon, and saw 4 of its levels.
You also visited: Ossuary.

You collected 115 gold pieces.

Inventory:

Hand Weapons
 a - a +0 club
 j - a +0 whip
 k - a +0 flail
 l - a +0 dagger
 r - a +0 spear
 u - a +0 hand axe (weapon)
Missiles
 c - 175 stones
Armour
 d - a +0 robe
 n - a +0 chain mail (worn)
Magical Staves
 s - a staff of conjuration
Jewellery
 f - a +6 ring of strength (left hand)
Wands
 b - a wand of polymorph (8)
Scrolls
 e - 2 scrolls of teleportation
 m - a scroll of enchant armour
 p - a scroll of immolation
 t - a scroll of fear
Potions
 g - 2 potions of mutation
 o - a potion of flight {unknown}
 q - a potion of invisibility {unknown}


   Skills:
 + Level 4.1 Fighting
 + Level 1.1 Axes
 + Level 1.2 Armour
 + Level 1.2 Dodging
 - Level 1.5 Stealth
 - Level 2.0 Spellcasting
 - Level 3.0 Earth Magic
 - Level 4.0 Evocations


You had 7 spell levels left.
You knew the following spells:

 Your Spells              Type           Power      Damage    Failure   Level
a - Sandblast             Erth           22%        2d7       43%         1

Your spell library contained the following spells:

 Spells                   Type           Power      Damage    Failure   Level
 Animate Skeleton         Necr           2%         N/A       86%         1
 Pain                     Necr           4%         1d4       86%         1
 Stone Arrow              Conj/Erth      12%        3d7       95%         3
 Vampiric Draining        Necr           1%         2d6       99%         3
 Animate Armour           Summ/Erth      12%        N/A       100%        4
 Leda's Liquefaction      Hex/Erth       3%         N/A       100%        4
 Lehudib's Crystal Spear  Conj/Erth      3%         10d2      100%        8


Dungeon Overview and Level Annotations

Branches:
Dungeon (4/15)            Ossuary (1/1)
 Temple: D:4-7

Altars:
Trog

Annotations:
D:3 2 runed translucent doors, SHADDY's ghost, amateur DDFi


Innate Abilities, Weirdness & Mutations

Your serpentine skin is tough. (AC +1)
You have supernaturally acute eyesight. (SInv)
Armour fits poorly on your strangely shaped body.
Your system is resistant to poisons. (rPois)
You cover ground very slowly.
You can spit poison.
You have a snake-like lower body.
Your muscles are strong. (Str +2)
You sometimes lose the ability to read scrolls when taking damage.


Message History

You destroy the adder zombie!
Unknown command.
An adder zombie comes into view.
The adder zombie closely misses you. The adder zombie bites you.
* * * LOW HITPOINT WARNING * * *
The adder zombie bites you but does no damage.
The adder zombie bites you.
You feel threatened and lose the ability to read scrolls!
* * * LOW HITPOINT WARNING * * *
The adder zombie bites you.
* * * LOW HITPOINT WARNING * * *
Okay, then.
You barely miss the adder zombie. You barely miss the quokka zombie.
You can read scrolls again.
The adder zombie bites you but does no damage.
The quokka zombie bites you but does no damage.
You hit the adder zombie.
The adder zombie is lightly damaged.
You hit the quokka zombie but do no damage.
The adder zombie bites you.
* * * LOW HITPOINT WARNING * * *
The quokka zombie closely misses you.
You closely miss the adder zombie.
The adder zombie is lightly damaged.
You hit the quokka zombie.
The adder zombie bites you but does no damage.
The quokka zombie closely misses you.
You slash the adder zombie!
The adder zombie is severely damaged.
You hit the quokka zombie.
You destroy the quokka zombie!
The adder zombie bites you but does no damage.
The adder zombie barely misses you.
Unknown command.
You slash the adder zombie!
You destroy the adder zombie!
The mummy hits you!
You feel threatened and lose the ability to read scrolls!
You die...

!!$??..#....#.#..#
.?!!...#....#.#..#
.......#....'.'.M#
#....###..#
######.#.M#
#....'.#..#
#....#.'..#
#....###M.#
#....#.#.@#
#+#+#########.#..#
..#...#...#...#..#
###'###'###'###..#
.................#
................∩#
##################


You could see 3 mummies.

Vanquished Creatures
  2 hounds
  2 mummies (Ossuary)
  3 adders (D:2)
  2 adder zombies (Ossuary)
  An orc (D:3)
  7 ball pythons
  8 bats
  7 endoplasms
  4 giant cockroaches
  6 goblins
  4 hobgoblins
  3 jackals
  6 kobolds
  A quokka (D:4)
  3 frilled lizards (D:3)
  A goblin zombie (Ossuary)
  5 hobgoblin zombies (Ossuary)
  2 kobold zombies (Ossuary)
  A quokka zombie (Ossuary)
  2 rats
  2 rat zombies (Ossuary)
72 creatures vanquished.

Notes
Turn   | Place    | Note
-------+----------+-------------------------------------------
     0 | D:1      | MajorAdolf the Naga Wanderer began the quest for the Orb.
     0 | D:1      | MajorAdolf set off with the following items: a +0 club, a
                  | wand of polymorph (3), 23 stones, a +0 robe, a scroll of
                  | teleportation; and the following spell memorised:
                  | Sandblast; and the following spells available to memorise:
                  | Animate Armour, Leda's Liquefaction
     0 | D:1      | Reached XP level 1. HP: 15/15 MP: 3/3
   121 | D:1      | Reached skill level 1 in Fighting
   233 | D:1      | Reached XP level 2. HP: 14/25 MP: 5/5
  1127 | D:1      | Reached XP level 3. HP: 33/33 MP: 6/6
  1650 | D:2      | Reached XP level 4. HP: 38/42 MP: 7/7
  1827 | D:2      | You fall into a shaft and drop 1 floor!
  2554 | D:3      | Found a runed translucent door.
  2670 | D:3      | Noticed a bullfrog
  2895 | D:3      | Found a runed translucent door.
  2897 | D:3      | Noticed SHADDY's ghost (amateur DDFi)
  3062 | D:3      | Found a bloodstained altar of Trog.
  3618 | D:4      | Reached skill level 1 in Armour
  3618 | D:4      | Reached skill level 1 in Dodging
  3618 | D:4      | Reached XP level 5. HP: 34/50 MP: 8/8
  3691 | D:4      | Found a sand-covered staircase.
  3708 | Ossuary  | Entered an ossuary
  4536 | Ossuary  | Gained mutation: Your muscles are strong. (Str +2) [potion
                  | of mutation]
  4536 | Ossuary  | Gained mutation: You sometimes lose the ability to read
                  | scrolls when taking damage. [potion of mutation]
  4550 | Ossuary  | Reached skill level 1 in Axes
  4889 | Ossuary  | Slain by a mummy

Illustrated notes

Levels and vault maps discovered:
D:1:      beargit_arrival_greenhouse, layout_basic, st_stairs_13
D:2:      layout_basic
D:3:      layout_basic, trog_butcher_becter, ebering_ghost_sewer_f
D:4:      layout_basic, hangedman_ru_absence, general_overflow_altar,
          mainiacjoe_overflow_alcove_2, nicolae_ossuary_entry_monument,
          minivault_24, kennysheep_generic_room_10
Ossuary:  ossuary_boxes_badplayer

Skill      XL: |  1  2  3  4  5 |
---------------+----------------+-----
Fighting       | 1 2 3 4 |  4.1
Armour         | 1 |  1.2
Dodging        | 1 |  1.2
Axes           | 1 |  1.1
Stealth        | |  1.5
Spellcasting   | |  2.0
Earth Magic    | |  3.0
Evocations     | |  4.0

Action                   |  1- 3 |  4- 6 || total
-------------------------+-------+-------++-------
Melee: Whip              |    82 |    60 ||   142
       Club              |     4 |       ||     4
       Punch             |     1 |     1 ||     2
       Hand axe          |       |   110 ||   110
 Abil: Spit Poison       |    13 |    16 ||    29
  Use: Scroll            |       |     6 ||     6
       Potion            |       |     1 ||     1
Armor: Robe              |     2 |       ||     2
       Chain mail        |    57 |   109 ||   166
Dodge: Dodged            |    23 |    43 ||    66
